[Event "39th Citta Arco Open 2017"]
[Site "Arco"]
[Date "2017.10.10"]
[Round "4"]
[White "Valenti, Giuseppe"]
[Black "Cordara, Michele"]
[Result "1-0"]
[ECO "B94"]
[WhiteElo "2149"]
[BlackElo "1990"]
[Annotator "NA"]
[PlyCount "43"]
[EventDate "2017.??.??"]
[EventType "swiss"]
[EventCountry "ITA"]
[SourceTitle "playchess.com"]
[Source "ChessBase"]
[SourceQuality "1"]
[TimeControl "40/5400+30:1800+30"]

1. e4 c5 2. Nf3 d6 3. d4 cxd4 4. Nxd4 Nf6 5. Nc3 a6 6. Bg5 Nbd7 7. Bc4 Qa5 8. Qd2 e6 9. f4 b5 10. Bxe6 fxe6 11. Nxe6 b4 12. Nd5 Nxd5 13. exd5 Nf6 14. Qe2 Be7 15. O-O Kf7 16. Bxf6 Bxf6 17. Ng5+ Kg6 18. f5+ Bxf5 19. Rxf5 h6 20. Qe4 Qc5+ 21. Rf2+ Kxg5 22. Qf5+ 1-0

[Event "39th Citta Arco Open 2017"]
[Site "Arco"]
[Date "2017.10.10"]
[Round "4"]
[White "Bevilacqua, Maurizio"]
[Black "Molina, Fabrizio"]
[Result "0-1"]
[ECO "D15"]
[WhiteElo "2093"]
[BlackElo "2208"]
[Annotator "ChessBase"]
[PlyCount "132"]
[EventDate "2017.??.??"]
[EventType "swiss"]
[EventCountry "ITA"]
[SourceTitle "playchess.com"]
[Source "ChessBase"]
[SourceQuality "1"]
[TimeControl "40/5400+30:1800+30"]

1. c4 c6 2. Nf3 Nf6 3. d4 d5 4. Nc3 a6 5. a4 e6 6. e3 a5 7. Bd3 Na6 8. Ne5 Be7 9. O-O Nb4 10. Bb1 O-O 11. b3 Nd7 12. Nxd7 Qxd7 13. Ba3 b6 14. f4 f5 15. Bxb4 Bxb4 16. Ne2 Ba6 17. Bd3 Rfd8 18. Qc2 g6 19. Rfd1 Rac8 20. Rac1 Qe7 21. Qb1 h6 22. Kf2 Qh4+ 23. Kg1 Bb7 24. Rc2 Qe7 25. Nc1 Kh7 26. Be2 c5 27. Qb2 cxd4 28. exd4 dxc4 29. bxc4 Be4 30. Nd3 Qd6 31. Nxb4 axb4 32. Rcd2 Qxf4 33. Qxb4 Rd6 34. Qa3 Rcd8 35. a5 bxa5 36. c5 R6d7 37. Bb5 Rb7 38. c6 Ra7 39. Qc5 Qc7 40. Ra1 Rd5 41. Qc4 Qb6 42. Ba4 Qb4 43. Qxb4 axb4 44. Rc1 Rxa4 45. c7 Ra8 46. c8=Q Rxc8 47. Rxc8 b3 48. Rb8 Bc2 49. Kf2 e5 50. Re2 e4 51. Ke3 g5 52. g3 Ra5 53. Rf2 Ra3 54. Rb7+ Kg6 55. Rb6+ Kh5 56. g4+ Kxg4 57. Rg2+ Kh5 58. Kd2 e3+ 59. Kc1 f4 60. h4 f3 61. Rh2 g4 62. Rb5+ Kg6 63. h5+ Kf6 64. Rb6+ Kf5 65. Rb5+ Ke4 66. Rh4 Kd3 0-1

[Event "39th Citta Arco Open 2017"]
[Site "Arco"]
[Date "2017.10.10"]
[Round "4.8"]
[White "Voltolini, Giuseppe"]
[Black "Dittmar, Peter"]
[Result "0-1"]
[ECO "D41"]
[WhiteElo "2152"]
[BlackElo "2266"]
[Annotator "NA"]
[PlyCount "40"]
[EventDate "2017.??.??"]
[EventType "swiss"]
[EventCountry "ITA"]
[SourceTitle "playchess.com"]
[Source "ChessBase"]
[SourceQuality "1"]
[TimeControl "40/5400+30:1800+30"]

1. d4 Nf6 2. c4 e6 3. Nf3 d5 4. Nc3 c5 5. cxd5 Nxd5 6. e4 Nxc3 7. bxc3 cxd4 8. cxd4 Bb4+ 9. Bd2 Bxd2+ 10. Qxd2 O-O 11. Be2 b6 12. O-O Bb7 13. Qe3 Nd7 14. Nd2 Rc8 15. Nc4 Nf6 16. f3 b5 17. Rfb1 Bxe4 18. fxe4 bxc4 19. Rc1 c3 20. Rc2 Qb6 0-1

[Event "39th Citta Arco Open 2017"]
[Site "Arco"]
[Date "2017.10.10"]
[Round "4.14"]
[White "De Vita, Gianni"]
[Black "Huemmer, Bernd"]
[Result "1/2-1/2"]
[ECO "B02"]
[WhiteElo "2058"]
[BlackElo "2169"]
[Annotator "NA"]
[PlyCount "22"]
[EventDate "2017.??.??"]
[EventType "swiss"]
[EventCountry "ITA"]
[SourceTitle "playchess.com"]
[Source "ChessBase"]
[SourceQuality "1"]
[TimeControl "40/5400+30:1800+30"]

1. e4 Nf6 2. Nc3 d5 3. exd5 Nxd5 4. Bc4 Nxc3 5. bxc3 Nd7 6. d4 e6 7. Nf3 Be7 8. O-O O-O 9. Qe2 c5 10. Bd3 Nf6 11. Rd1 Bd7 1/2-1/2

[Event "39th Citta Arco Open 2017"]
[Site "Arco"]
[Date "2017.10.10"]
[Round "4.15"]
[White "Deissenberger, Thomas"]
[Black "Wurm, Alexander"]
[Result "1/2-1/2"]
[ECO "D08"]
[WhiteElo "2032"]
[BlackElo "2156"]
[Annotator "NA"]
[PlyCount "37"]
[EventDate "2017.??.??"]
[EventType "swiss"]
[EventCountry "ITA"]
[SourceTitle "playchess.com"]
[Source "ChessBase"]
[SourceQuality "1"]
[TimeControl "40/5400+30:1800+30"]

1. d4 d5 2. c4 e5 3. dxe5 d4 4. Nf3 Nc6 5. Bf4 Nge7 6. Nbd2 Ng6 7. Bg3 Bf5 8. a3 Qe7 9. Qb3 O-O-O 10. e4 Ngxe5 11. Nxe5 Nxe5 12. Qb4 c5 13. Qa4 Bxe4 14. Nxe4 f5 15. Qxa7 fxe4 16. Qa8+ Kc7 17. Qa5+ Kc8 18. Qa8+ Kc7 19. Qa5+ 1/2-1/2

[Event "39th Citta Arco Open 2017"]
[Site "Arco"]
[Date "2017.10.10"]
[Round "4.16"]
[White "Sprotte, Norbert"]
[Black "Tonina, Filippo"]
[Result "1-0"]
[ECO "B08"]
[WhiteElo "2154"]
[BlackElo "2021"]
[Annotator "NA"]
[PlyCount "41"]
[EventDate "2017.??.??"]
[EventType "swiss"]
[EventCountry "ITA"]
[SourceTitle "playchess.com"]
[Source "ChessBase"]
[SourceQuality "1"]
[TimeControl "40/5400+30:1800+30"]

1. d4 d6 2. Nc3 g6 3. e4 Nf6 4. Nf3 Bg7 5. h3 c5 6. Bb5+ Bd7 7. e5 dxe5 8. dxe5 Ng8 9. a4 Nc6 10. Bf4 Nh6 11. g4 f6 12. exf6 exf6 13. Bd6 Nf7 14. Qe2+ Nfe5 15. Nxe5 fxe5 16. Bxc5 Qh4 17. O-O-O O-O-O 18. Nd5 Be6 19. Bxc6 bxc6 20. Qa6+ Kd7 21. Nf6+ 1-0